 Dungeon Crawl Stone Soup version 0.30.0-20-g3b4254fcbd (webtiles) character file.

Game seed: 14313087316783309133

14 Graphine the Cudgeller (level 2, -2/39 HPs)
             Began as an Armataur Berserker on June 2, 2023.
             Was a Follower of Trog.
             Slain by a gnoll
             ... wielding a +0 flail
              (7 damage)
             ... on level 1 of the Dungeon.
             The game lasted 00:00:13 (161 turns).

Graphine the Cudgeller (Armataur Berserker)          Turns: 161, Time: 00:00:14

Health: -2/39      AC:  4    Str: 22    XL:     2   Next: 27%
Magic:  2/2        EV:  9    Int:  7    God:    Trog [*.....]
Gold:   10         SH:  0    Dex:  9    Spells: 1/1 levels left

rFire   . . .        a - +0 mace
rCold   . . .        (no shield)
rNeg    . . .        b - +0 animal skin
rPois   .            (no helmet)
rElec   .            (no cloak)
rCorr   .            (no gloves)
SInv    .            (no barding)
Will    .....        (no amulet) Stlth
                     (no ring)
HPRegen 0.26/turn    (no ring)
MPRegen 0.08/turn

%: roll
@: berserking, very quick
A: large, rugged brown scales 3, deformed body, armoured tail, roll, long
tongue, awkward tongue
a: Renounce Religion, Berserk


You were on level 1 of the Dungeon.
You worshipped Trog.
Trog was aware of your devotion.
You visited 1 branch of the dungeon, and saw 1 of its levels.

You collected 10 gold pieces.

Inventory:

Hand Weapons
 a - a +0 mace (weapon)
Armour
 b - a +0 animal skin (worn)
Potions
 c - a potion of curing {unknown}


   Skills:
 + Level 2.9 Fighting
 + Level 2.9 Maces & Flails
 + Level 2.8 Armour
 + Level 1.6 Dodging


You had one spell level left.
You didn't know any spells.
Your spell library was empty.

Dungeon Overview and Level Annotations

Branches:
Dungeon (1/15)

Altars:


Innate Abilities, Weirdness & Mutations

You are completely covered in rugged brown scales. (AC +3, +7% HP)
Armour fits poorly on your strangely shaped body.
You have a long armoured tail.
You roll when moving toward enemies. (Rampage)
Your long tongue fully drains potion bottles. (2x potion effects)
Your tongue gives you trouble enunciating. (1.5x scroll delay)


Message History

You hit the gnoll but do no damage. You tail-slap the gnoll!
You kill the gnoll!
Trog accepts your kill.
You have reached level 2!
A hobgoblin comes into view.
A hobgoblin is nearby!
The hobgoblin barely misses you.
You hit the hobgoblin. You tail-slap the hobgoblin.
You kill the hobgoblin!
Trog accepts your kill.
No target in view!
HP restored.
c - a grey potion
Found an escape hatch in the floor.
You now have 10 gold pieces.
There is an escape hatch in the floor here.
A hobgoblin comes into view.
The hobgoblin shouts!
A hobgoblin is nearby!
You roll towards the hobgoblin!
The hobgoblin barely misses you.
You hit the hobgoblin.
You kill the hobgoblin!
Trog accepts your kill.
No target in view!
A rat comes into view.
You hit the rat.
You kill the rat!
Trog accepts your kill.
No target in view!
A gnoll comes into view. It is wielding a +0 flail.
The gnoll shouts!
The gnoll hits you with a +0 flail.
You barely miss the gnoll.
Your tail-slap misses the gnoll.
The gnoll hits you with a +0 flail! x2
* * * LOW HITPOINT WARNING * * *
You are too injured to fight recklessly!
A red film seems to cover your vision as you go berserk!
You feel yourself moving faster!
You feel mighty! The gnoll hits you with a +0 flail!
You die...

#........########
.........#.........
#...#######.......# #.##
#......###.# ###.
#......# #.# #...
#####......###.# #...
#..........>...#
####...######......#####
.......@.# ########
####..g#.# #.....#
#...#.# #.###.# #####.#
#.# #.# #.# #.# #.# ###
#.# #.###.# #.. #.#
#.#...# #.# #.# #.#.###
#.# #.#####.#.# #.#


You could see a gnoll.

Vanquished Creatures
  A gnoll (D:1)
  2 hobgoblins (D:1)
  A rat (D:1)
4 creatures vanquished.

Notes
Turn   | Place    | Note
-------+----------+-------------------------------------------
     0 | D:1      | Graphine the Armataur Berserker began the quest for the
                  | Orb.
     0 | D:1      | Reached XP level 1. HP: 19/19 MP: 1/1
     9 | D:1      | Reached XP level 2. HP: 16/26 MP: 2/2
   161 | D:1      | Slain by a gnoll

Illustrated notes

Levels and vault maps discovered:
D:1:      minmay_arrival_radiant_lines, layout_basic, hangedman_decor_riveting,
          minivault_27

Action                     || total
---------------------------++-------
  Melee: Mace              ||     7
         Tailslap          ||     3
 Invoke: Berserk           ||     1
 Armour: Animal skin       ||     1
  Dodge: Dodged            ||     3
